Bingle, lawful female dwarven Valkyrie ---- |..-- ---...-- |....... .--.--d--- -...|..| ---.----.| |...| |@| ..... |.-- |h. .<......| ...|..|.| |.-|.| |.--.| |...^-- ---...| |...| ----- Bingle the Fighter Experience level: 6 Strength: 18/02 Dexterity: 15 Constitution: 18 Intelligence: 3 Wisdom: 8 Charisma: 7 Health: 56(68) Energy: 5(5) AC: 1 Gold: 164 Moves: 1923 Your Inventory: Coins $ - 164 gold pieces Weapons a - an uncursed rusty +1 long sword (weapon in hand) b - an uncursed +0 dagger e - 9 [uncursed +0] shuriken m - 4 [uncursed +0] darts named uncursed p - an [uncursed +0] sling A - an [uncursed +0] crossbow B - 4 [blessed +1] crossbow bolts D - an [uncursed +0] sling Armor c - an uncursed burnt +3 small shield (being worn) g - an [uncursed] +0 banded mail (being worn) h - a [cursed -2] pair of jungle boots [levitation] Comestibles i - an [uncursed] sprig of wolfsbane G - an [uncursed] orange Scrolls j - 2 [uncursed] scrolls labeled READ ME [of identify] y - a [cursed] unlabeled scroll [of blank paper] Rings n - an [uncursed] plain ring named not cursed [of searching] Tools o - an [uncursed] magic whistle q - an [uncursed oil] lamp C - an [uncursed] lock pick E - an [uncursed] expensive camera [0:30] I - an [uncursed tallow] candle Gems k - an [uncursed] blue gem [fluorite] l - an [uncursed] white gem [worthless glass] s - an [uncursed] green gem [jade] t - an [uncursed] orange gem [worthless glass] w - an [uncursed] red gem [jasper] F - an [uncursed] black gem [worthless glass] J - an [uncursed] violet gem [amethyst] K - an [uncursed] violet gem [worthless glass] L - an [uncursed] yellow gem [worthless glass] Spells known in the end: Name Level Category Fail Memory Your skills at the end: Fighting Skills Weapon Skills dagger [Basic / Expert] long sword [Basic / Expert] Spellcasting Skills Final Attributes: You were devoutly aligned. Hunger level was 834. Your alignment was 18 / 19. Monster difficulty range was 1 - 6. Level difficulty was 6. You were immune to cold. You were telepathic. You had infravision. You were stealthy. You were a werejackal. Your luck was zero. You are dead. Vanquished creatures: a shrieker 2 gnome lords a golden naga hatchling a gray ooze a paper golem 2 giant ants 2 floating eyes a dwarf a monkey a wererat a werejackal an iguana an acid blob a hobbit 6 manes 3 giant rats a cave spider a brown mold 16 gnomes 3 garter snakes a gecko 4 jackals 2 kobolds 2 goblins 2 kobold zombies 3 newts 61 creatures vanquished. Voluntary challenges: You were illiterate. You used a wielded weapon 41 times. You put on armor 2 times. You never genocided any monsters. You never polymorphed an object. You never changed form. You used no wishes. You never wrote Elbereth's name. You never encountered a bones level. You never used any Sokoban shortcuts. Dungeon overview: The Dungeons of Doom: levels 1 to 3 Level 1 a long staircase Level 2 a jewelry store Level 3 a weapon shop stairs to The Gnomish Mines The Gnomish Mines: levels 4 to 6 Level 4 stairs to The Dungeons of Doom Level 6 <- You were here History has recorded: On T:1 you entered the Dungeons of Doom to retrieve the Amulet of Yendor! On T:334 you reached level 2 of The Dungeons of Doom. On T:447 you advanced to experience level 2. On T:480 you advanced to experience level 3. On T:597 you reached level 3 of The Dungeons of Doom. On T:702 you advanced to experience level 4. On T:1108 you reached level 1 of The Gnomish Mines. On T:1216 you advanced to experience level 5. On T:1362 you reached level 2 of The Gnomish Mines. On T:1681 you advanced to experience level 6. On T:1844 you reached level 3 of The Gnomish Mines. Latest messages: You see here a yellow gem. L - a yellow gem. Valkyrie needs food, badly! Never mind. That food really hit the spot! You finish eating the food ration. [6 turns] You produce a strange whistling sound. You hit the mind flayer! The mind flayer hits! The mind flayer's tentacles suck you! Your brain is eaten! You feel very stupid! The mind flayer's tentacles suck you! Your brain is eaten! You feel very stupid! The mind flayer's tentacles suck you! Your brain is eaten! Your last thought fades away. Final status: Farvel Bingle the Valkyrie... You died in The Gnomish Mines on dungeon level 6 with 1474 points, and 164 pieces of gold, after 1923 moves. You were level 6 with a maximum of 68 hit points when you died.